 Dungeon Crawl Stone Soup version 0.27-b1-23-g44b8eac545 (webtiles) character file.

Game seed: 4983889402014632300

95 Sin92 the Skirmisher (level 4, -1/35 HPs)
             Began as a Demonspawn Fighter on July 27, 2021.
             Slain by an ogre (17 damage)
             ... on level 6 of the Dungeon.
             The game lasted 00:02:31 (2122 turns).

Sin92 the Skirmisher (Demonspawn Fighter)           Turns: 2122, Time: 00:02:31

Health: -1/35      AC:  8    Str: 16    XL:     4   Next: 40%
Magic:  4/4        EV:  7    Int: 10    God:
Gold:   60         SH:  9    Dex: 13    Spells: 3/3 levels left

rFire    . . .     SeeInvis .   a - +1 war axe
rCold    . . .     Faith    .   c - +0 kite shield
rNeg     . . .     Spirit   .   b - +0 scale mail
rPois    .         Reflect  .   (helmet restricted)
rElec    .         Harm     .   (no cloak)
rCorr    .         Rampage  .   (no gloves)
Will     .....                  (no boots)
Stlth    ..........             i - amulet of the acrobat
HPRegen  0.11/turn              (no ring)
MPRegen  0.09/turn              (no ring)

@: mighty
A: antennae 1, molten scales 1, powered by death 1
a: no special abilities


You were on level 6 of the Dungeon.
You visited 1 branch of the dungeon, and saw 4 of its levels.

You collected 60 gold pieces.

Inventory:

Hand Weapons
 a - a +1 war axe (weapon)
Armour
 b - a +0 scale mail (worn)
 c - a +0 kite shield (worn)
 m - a +2 helmet
Jewellery
 i - an amulet of the acrobat (around neck)
Wands
 j - a wand of digging (2)
Scrolls
 f - a scroll of teleportation
 h - 3 scrolls of identify
Potions
 e - 2 potions of heal wounds {unknown}
 g - 2 potions of curing {unknown}
 l - 2 potions of ambrosia {unknown}


   Skills:
 + Level 3.4 Fighting
 * Level 2.8 Axes
 + Level 3.1 Armour
 + Level 1.2 Dodging
 + Level 3.1 Shields


You had 3 spell levels left.
You didn't know any spells.
Your spell library was empty.

Dungeon Overview and Level Annotations

Branches:
Dungeon (3/15)

Altars:
Cheibriados
Fedhas
Qazlal
Uskayaw


Innate Abilities, Weirdness & Mutations

You have a pair of small antennae on your head.
You are partially covered in molten scales. (AC +2)
You regenerate a little health from kills.


Message History

The centaur skeleton hits you but does no damage.
You block the centaur skeleton's attack.
You slash the centaur skeleton!
You destroy the centaur skeleton!
f - 2 scrolls of teleportation (gained 1)
Found an escape hatch in the floor.
Found a leather armour.
Found a stormy altar of Qazlal.
Found 8 gold pieces.
Found a stone staircase leading down.
A water moccasin comes into view.
A white imp comes into view.
The white imp shouts, "Remove thy stench, thou beslubbering rump-fed snaffler!"
You hear a shout!
A howler monkey comes into view.
Found a stone staircase leading down.
As you read the scroll of teleportation, it crumbles to dust.
You feel strangely unstable.
The howler monkey howls!
A gnoll comes into view. It is wielding a +0 whip.
The howler monkey hoots and howls with incredible vigour!
Your surroundings suddenly seem different.
Found a leather armour.
An ogre comes into view. It is wielding a +0 giant club.
The ogre shouts!
You feel very mighty all of a sudden.
It was a potion of cancellation.
Your magical effects are unravelling.
You feel magically purged.
You feel a little less mighty now.
You feel very mighty all of a sudden. The ogre closely misses you.
You slash the ogre!
The ogre is heavily wounded.
You block the ogre's attack.
You hit the ogre.
The ogre is severely wounded.
The ogre hits you with a +0 giant club!!
Ouch! That really hurt!
The ogre hits you with a +0 giant club!
You die...

..................##
.............[......
...................
.................#
................#
...............####
...............#..#
......O@..........#
..........#......##
####.....###...###
##...## ##### #.....
#..#.# ######


You could see an ogre.

Vanquished Creatures
  A centaur skeleton (D:6)
  An adder (D:2)
  2 worms (D:2)
  2 dart slugs (D:2)
  6 endoplasms
  3 giant cockroaches
  4 goblins
  3 hobgoblins
  6 kobolds
  2 quokkas
  8 ball pythons
  2 bats (D:1)
  5 frilled lizards
  3 rats
48 creatures vanquished.

Notes
Turn   | Place    | Note
-------+----------+-------------------------------------------
     0 | D:1      | Sin92 the Demonspawn Fighter began the quest for the Orb.
     0 | D:1      | Reached XP level 1. HP: 18/18 MP: 1/1
   206 | D:1      | Gained mutation: You are partially covered in molten
                  | scales. (AC +2) [demonic ancestry]
   206 | D:1      | Reached XP level 2. HP: 22/24 MP: 2/2
   439 | D:1      | You fall into a shaft and drop 1 floor!
   439 | D:2      | Found a hide-covered altar of Uskayaw.
   657 | D:2      | Gained mutation: You regenerate a little health from kills.
                  | [demonic ancestry]
   657 | D:2      | Reached XP level 3. HP: 29/29 MP: 3/3
  1109 | D:2      | Reached skill level 1 in Dodging
  1586 | D:3      | Found a snail-covered altar of Cheibriados.
  1994 | D:3      | Gained mutation: You have a pair of small antennae on your
                  | head. [demonic ancestry]
  1994 | D:3      | Reached XP level 4. HP: 35/35 MP: 4/4
  2004 | D:3      | Found a blossoming altar of Fedhas.
  2023 | D:3      | You fall into a shaft and drop 3 floors!
  2065 | D:6      | Found a stormy altar of Qazlal.
  2102 | D:6      | Noticed a water moccasin
  2115 | D:6      | Noticed an ogre
  2122 | D:6      | Slain by an ogre

Illustrated notes

Levels and vault maps discovered:
D:1:      tarquinn_simple_flora_water_a, layout_loops_cross
D:2:      layout_loops_ring, basic_altar
D:3:      layout_loops_corners, mainiacjoe_overflow_boulevard,
          overflow_temple_1_default, ebering_ecumenical_altar_webs,
          uniq_crazy_yiuf_cottage
D:6:      layout_cave_pools, nicolae_qazlal_general_emergency

Skill      XL: |  1  2  3 |
---------------+----------+-----
Axes           | 2 |  2.8
Dodging        | 1 |  1.2
Armour         | 3 |  3.1
Shields        | 3 |  3.1
Fighting       | |  3.4

Action                   |  1- 3 |  4- 6 || total
-------------------------+-------+-------++-------
Melee: War axe           |   117 |     6 ||   123
  Use: Scroll            |     3 |     1 ||     4
       Potion            |       |     3 ||     3
Armor: Scale mail        |    51 |     5 ||    56
Dodge: Dodged            |    47 |     3 ||    50
Block: Kite shield       |    48 |     3 ||    51
